Map: I have heard your counsel

Players

청포도 - Winner!

  • Race: Terran Terran
  • League: Grandmaster

GeneralReddy

  • Race: Terran Terran
  • League: Platinum

VOD

Have the link to the VOD?

Description

3 CC Mech Opener

Time

  • Played on: Oct. 29, 2015, 8:53 p.m.
  • Length: 12:21
Show
View Real Time Build Order
Export as new Build Order

청포도 Terran - Winner!

Build Orders: Mech 

Get SALT Encoding   

  12  0:02  SCV  
  13  0:14  SCV  
  14  0:23  Supply Depot  
  14  0:27  SCV  
  15  0:45  SCV  
  15  0:46  Barracks  
  16  0:57  SCV  
  16  0:58  Refinery  
  17  1:08  Refinery  
  17  1:09  SCV  
  18  1:23  SCV  
  19  1:35  Marine  
  19  1:39  Supply Depot  
  20  1:40  Orbital Command  
  20  1:53  Factory, Marine  
  21  2:06  SCV  
  22  2:18  SCV  
  23  2:23  Barracks Reactor  
  23  2:31  SCV  
  24  2:38  Factory Tech Lab, Starport  
  24  2:39  Supply Depot  
  24  2:43  SCV  
  25  2:57  Command Center  
  25  3:04  Marine x2  
  27  3:09  SCV  
  28  3:23  Marine x2  
  28  3:26  Factory Tech Lab, Raven  
  32  3:29  SCV  
  32  3:31  Supply Depot  
  33  3:41  Marine x2  
  33  3:42  SCV  
  33  3:47  Siege Tank  
  39  3:53  Supply Depot  
  39  3:56  SCV  
  40  4:14  Orbital Command  
  40  4:16  SCV  
  41  4:20  Siege Tank  
  44  4:29  Viking x2  
  48  4:33  Orbital Command  
  48  4:44  SCV  
  49  4:54  Siege Tank  
  49  4:56  SCV  
  49  4:59  SCV  
  54  5:09  SCV  
  54  5:11  Viking x2  
  54  5:13  SCV  
  60  5:21  SCV  
  61  5:27  Command Center  
  61  5:28  SCV  
  61  5:33  SCV  
  61  5:34  Refinery x2  
  63  5:37  Supply Depot  
  63  5:41  SCV  
  64  5:44  Barracks Reactor  
  64  5:48  Factory  
  64  5:49  SCV  
  65  5:53  SCV  
  65  5:56  Viking  
  68  6:00  Viking  
  68  6:03  SCV  
  71  6:04  Supply Depot  
  71  6:05  SCV  
  71  6:08  Supply Depot  
  72  6:13  Siege Tank  
  72  6:15  SCV  
  72  6:17  SCV  
  77  6:27  SCV  
  77  6:29  Supply Depot  
  77  6:30  SCV  
  79  6:35  Viking x2  
  79  6:39  SCV  
  83  6:40  Orbital Command  
  86  6:48  Armory  
  86  6:54  Hellion x3  
  89  6:59  Factory  
  89  7:00  Supply Depot  
  89  7:11  Medivac x2  
  89  7:12  SCV x2  
  95  7:18  Hellion x3, Orbital Command  
  95  7:22  Infernal Pre-Igniter  
  101  7:36  SCV x2  
  103  7:42  Engineering Bay, Terran Vehicle Weapons Level 1  
  103  7:43  Hellion x3  
  109  7:47  Refinery x2  
  109  7:52  SCV, Hellion  
  112  7:59  SCV x2  
  112  8:04  Hellion  
  112  8:05  SCV  
  117  8:06  Siege Tank  
  117  8:09  Supply Depot  
  117  8:11  SCV x2  
  122  8:16  Siege Tank  
  125  8:22  Factory  
  125  8:23  Factory  
  125  8:26  Missile Turret  
  125  8:27  Missile Turret  
  125  8:29  Sensor Tower  
  125  8:30  SCV x3  
  125  8:32  Supply Depot  
  128  8:35  Supply Depot  
  128  8:37  Supply Depot  
  128  8:43  Sensor Tower  
  128  8:47  SCV x3  
  133  8:48  Hellion  
  133  8:49  Sensor Tower  
  133  8:54  Hellion, Siege Tank  
  138  8:57  Supply Depot, Siege Tank  
  141  9:03  Medivac x2  
  145  9:10  Missile Turret  
  145  9:12  Factory Reactor  
  145  9:13  Factory Tech Lab  
  145  9:14  Missile Turret x2  
  145  9:19  Hellion x2  
  149  9:28  Siege Tank  
  152  9:50  Siege Tank, Hellbat x2  
  152  9:51  Hellbat x2  
  152  9:52  Siege Tank  
  165  9:57  Hellion x7  
  164  10:00  Medivac  
  165  10:09  Supply Depot x2  
  165  10:10  Supply Depot  
  165  10:12  Missile Turret, Medivac  
  165  10:13  Siege Tank  
  173  10:21  Hellbat x2  
  173  10:23  Missile Turret x2  
  173  10:27  Missile Turret  
  173  10:31  Siege Tank, Hellbat x2  
  180  10:39  Thor  
  188  10:48  Hellion, Siege Tank  
  188  10:49  Hellion  
  195  10:53  Viking x2  
  197  11:11  Command Center  
  197  11:28  Hellion  
  197  11:31  Viking  
  197  11:46  Starport  
  197  11:47  Starport x2  
Show
View Real Time Build Order
Export as new Build Order

GeneralReddy Terran 

Build Orders: MMM Bio 

Get SALT Encoding   

  12  0:01  SCV  
  13  0:13  SCV  
  14  0:19  Supply Depot  
  14  0:25  SCV  
  15  0:41  SCV  
  16  0:45  Barracks  
  16  0:47  Refinery  
  16  0:53  SCV  
  17  1:05  SCV  
  18  1:17  SCV  
  19  1:36  Marine, Orbital Command  
  20  1:48  Factory  
  20  1:50  Supply Depot  
  19  2:02  SCV  
  19  2:08  Barracks Reactor  
  20  2:14  SCV  
  21  2:24  Command Center  
  21  2:36  SCV  
  22  2:44  Starport  
  22  2:49  SCV  
  23  2:53  Hellion  
  23  2:54  Hellion  
  23  2:57  Supply Depot  
  27  2:59  Marine  
  27  3:01  SCV  
  29  3:14  SCV  
  29  3:17  Marine  
  29  3:19  Hellion  
  33  3:25  Engineering Bay  
  33  3:26  SCV  
  34  3:31  Viking  
  36  3:39  Orbital Command  
  36  3:45  SCV  
  36  3:47  Barracks Tech Lab  
  37  3:52  Refinery  
  37  3:56  Missile Turret  
  37  4:01  Orbital Command  
  37  4:03  Missile Turret  
  37  4:10  SCV  
  37  4:12  Stimpack  
  38  4:17  Missile Turret  
  38  4:25  Marine  
  38  4:29  Factory Reactor  
  39  4:33  SCV x2  
  41  4:42  Viking  
  41  4:45  SCV x2  
  45  4:53  Supply Depot  
  45  4:57  SCV  
  44  5:14  SCV x2  
  46  5:23  Terran Infantry Weapons Level 1  
  46  5:24  Barracks  
  46  5:25  Barracks  
  46  5:27  Refinery  
  46  5:29  SCV x2, Refinery  
  46  5:30  Factory Tech Lab  
  46  5:31  Starport Reactor  
  48  5:38  Command Center  
  48  5:41  Marine  
  48  5:42  SCV x2  
  51  5:54  SCV, Siege Tank  
  51  5:55  SCV  
  56  6:03  Supply Depot  
  56  6:04  Supply Depot  
  56  6:05  Marine  
  56  6:08  SCV x2  
  56  6:10  Medivac  
  61  6:12  Combat Shields  
  61  6:17  Marine  
  62  6:24  Medivac, Marine x3  
  62  6:25  SCV x2  
  69  6:26  Siege Tank  
  72  6:37  SCV x2  
  74  6:49  SCV x2  
  74  6:50  Orbital Command  
  76  6:55  Marine  
  76  6:56  Marine x4  
  76  6:58  Siege Tank, Medivac x2  
  76  7:01  SCV x2  
  90  7:03  Supply Depot  
  90  7:05  Supply Depot  
  90  7:12  Orbital Command  
  90  7:13  Marine x2  
  90  7:14  Marine  
  93  7:22  Terran Infantry Armor Level 1  
  93  7:25  Marine x2  
  93  7:30  Siege Tank  
  93  7:31  Marine x3  
  93  7:33  Viking x2  
  103  7:42  Marine x2  
  103  7:43  SCV x2  
  103  7:44  SCV, Sensor Tower  
  108  7:49  Marine  
  109  7:59  Missile Turret  
  109  8:00  Refinery  
  109  8:02  Refinery  
  109  8:08  Supply Depot  
  109  8:09  Supply Depot  
  109  8:20  Factory, Starport  
  109  8:29  Missile Turret  
  109  8:30  SCV x2, Missile Turret x2, Marine x5  
  109  8:32  Engineering Bay  
  116  8:36  Armory  
  116  8:39  Viking  
  116  8:40  Supply Depot  
  116  8:41  SCV, Supply Depot  
  119  8:43  SCV x2, Supply Depot  
  119  8:48  Marauder  
  123  8:54  Marine x3  
  123  8:55  Barracks  
  126  8:56  Barracks  
  126  8:58  Marine  
  126  9:02  SCV x2  
  129  9:08  Sensor Tower  
  129  9:09  Marine  
  130  9:11  SCV, Marine  
  130  9:16  Supply Depot  
  132  9:28  Marine  
  132  9:29  Marine x4  
  132  9:31  Concussive Shells  
  137  9:33  Medivac x2  
  139  9:40  SCV x3  
  139  9:43  Starport Reactor  
  139  9:44  Factory Tech Lab  
  142  9:46  Barracks Reactor, Barracks Tech Lab, Marine  
  142  9:47  Marine  
  142  9:50  Command Center  
  142  9:52  SCV x3  
  147  9:53  Supply Depot x2  
  147  9:54  Supply Depot  
  147  10:04  SCV  
  147  10:06  Marine  
  147  10:07  Marine x2  
  148  10:08  Marine  
  148  10:09  Marauder x2  
  148  10:13  Siege Tank  
  158  10:15  Barracks  
  158  10:16  SCV x3  
  161  10:24  Marine  
  157  10:36  Liberator  
  157  10:38  Marine, Liberator  
  157  10:39  Marine x2  
  157  10:40  Marauder x2  
  162  10:43  Viking  
  162  10:44  Viking  
  166  10:50  Siege Tank  
  166  10:51  Siege Tank  
  176  11:09  Starport x2  
  176  11:10  Starport  
  176  11:13  Orbital Command  
  176  11:14  Missile Turret  
  176  11:15  Missile Turret x2  
  176  11:16  Refinery  
  170  11:47  Fusion Core  
  170  11:49  Starport Tech Lab x2  
  170  11:50  Armory, Starport Tech Lab  
  170  11:51  Command Center  
  170  12:06  Refinery  
Tags
 
Add a new tag
Caveats
  • Supply blocks, unpowered buildings, or Contaminate may cause inaccurate times.
  • Supply counts are checked every 10 seconds.